 Seeded DCSS version 0.29.0-7-g18a832c13a (webtiles) character file.

Game seed: 1 (custom seed)

258 Kazon the Trooper (level 5, 0/45 HPs)
             Began as a Demigod Fighter on Aug 31, 2022.
             Slain by an orc
             ... wielding a +0 trident
              (3 damage)
             ... on level 4 of the Dungeon.
             The game lasted 00:09:44 (2042 turns).

Kazon the Trooper (Demigod Fighter)                 Turns: 2042, Time: 00:09:45

Health: 0/45       AC: 11    Str: 21    XL:     5   Next: 62%
Magic:  7/7        EV:  9    Int: 10    God:
Gold:   58         SH:  0    Dex: 13    Spells: 4/4 levels left

rFire   . . .      SeeInvis .   s - +3 falchion of Winter {venom, rCorr}
rCold   . . .      Faith    .   c - +0 buckler
rNeg    . . .      Spirit   .   b - +0 scale mail
rPois   .          Reflect  .   l - +0 helmet
rElec   .          Harm     .   (no cloak)
rCorr   +          Rampage  .   (no gloves)
Will    .....                   m - +2 pair of boots
Stlth   ..........              p - amulet of regeneration
HPRegen 0.95/turn               (no ring)
MPRegen 0.10/turn               (no ring)

@: confused, studying Throwing
A: high MP 1, forlorn, divine attributes
a: no special abilities


You were on level 4 of the Dungeon.
You visited 1 branch of the dungeon, and saw 4 of its levels.

You collected 242 gold pieces.
You spent 184 gold pieces at shops.

Inventory:

Hand Weapons
 a - a +0 long sword
 e - a +2 dagger of venom
 s - the +3 falchion of Winter (weapon) {venom, rCorr}
   (You bought it in a shop on level 3 of the Dungeon)

   It poisons the flesh of those it strikes.
   rCorr:     It protects you from acid and corrosion.
Missiles
 j - 4 poisoned darts (quivered)
 k - 21 stones
 r - 3 boomerangs
 t - a throwing net
Armour
 b - a +0 scale mail (worn)
 c - a +0 buckler (worn)
 l - a +0 helmet (worn)
 m - a +2 pair of boots (worn)
Magical Staves
 u - a staff of air
Jewellery
 p - an amulet of regeneration (around neck)
Scrolls
 i - 2 scrolls of identify {unknown}
 o - a scroll of immolation {unknown}
 q - a scroll of fog {unknown}
 v - 2 scrolls of enchant weapon {unknown}
Potions
 d - a potion of might
 f - a potion of haste {unknown}
 g - a potion of attraction {unknown}
 h - a potion of flight {unknown}
 n - a potion of berserk rage {unknown}
 w - a potion of magic {unknown}


   Skills:
 * Level 3.6 Fighting
 + Level 1.1(2.3) Short Blades
 + Level 3.2(3.3) Long Blades
 + Level 2.1 Throwing
 + Level 3.4 Armour
 + Level 0.4 Dodging
 + Level 0.1 Stealth
 + Level 3.1 Shields
 * Level 1.3 Evocations


You had 4 spell levels left.
You didn't know any spells.
Your spell library contained the following spells:

 Spells                   Type           Power      Damage    Failure   Level
 Apportation              Tloc           0%         N/A       80%         1
 Necrotise                Necr           0%         1d4       80%         1
 Sting                    Tmut/Pois      0%         1d3       80%         1
 Summon Small Mammal      Summ           0%         N/A       80%         1
 Poisonous Vapours        Pois/Air       0%         N/A       90%         2
 Olgreb's Toxic Radiance  Pois           0%         N/A       100%        4


Dungeon Overview and Level Annotations

Branches:
Dungeon (4/15)
 Temple: D:4-7

Shops:
D:3 (


Innate Abilities, Weirdness & Mutations

You have an increased reservoir of magic. (+10% MP)
You shall have no god before yourself.
Your divine heritage dramatically boosts your attributes as you level up.


Message History

The orc hits you from afar with a +0 trident.
You miss something.
The orc hits you from afar with a +0 trident.
You hear some strange, mumbled words.
A puff of flame appears from out of thin air!
The puff of flame hits you.
You miss something. The orc hits you but does no damage.
Something hits you but does no damage.
You closely miss something. Something hits you but does no damage.
The orc hits you from afar with a +0 trident.
The orc hits you but does no damage. Something hits you but does no damage.
The orc priest mumbles some strange prayers to Beogh against you.
Beogh smites you!
* * * LOW HITPOINT WARNING * * *
You hear a shout!
You barely miss something.
The orc hits you from afar with a +0 trident.
* * * LOW HITPOINT WARNING * * *
Something hits you but does no damage.
You miss something. The orc hits you but does no damage.
Something hits you but does no damage.
You closely miss something. The orc hits you but does no damage.
You hear some strange, mumbled words.
You are confused.
The orc priest casts a cantrip, but nothing happens.
You bump into the rock wall.
Something hits you.
* * * LOW HITPOINT WARNING * * *
An orc comes into view. It is wielding a +0 short sword.
The orc closely misses you.
You bump into the rock wall.
Something hits you but does no damage.
The orc hits you from afar with a +0 trident.
* * * LOW HITPOINT WARNING * * *
You bump into the rock wall.
The orc barely misses you.
You hear some strange, mumbled words.
A puff of flame appears from out of thin air!
The puff of flame hits you.
* * * LOW HITPOINT WARNING * * *
You miss something.
The orc hits you from afar with a +0 trident.
You die...

.> #.# #.## ...#
###.. ....
#####.###########
#.....ooo{@..)..#
...###.#########.#
#.# #.# #.# #)#
... #.# ##.## #†#
#.# #<# #.# ###
#.#


You could see an orc priest and 2 orcs.

Vanquished Creatures
  An ogre (D:4)
  A howler monkey (D:4)
  Natasha (D:4)
  3 gnolls (D:2)
  2 adders (D:2)
  A worm (D:2)
  A dart slug (D:3)
  2 orcs
  7 endoplasms
  A giant cockroach (D:1)
  7 goblins
  7 hobgoblins
  6 jackals (D:3)
  5 kobolds
  2 quokkas
  3 ball pythons
  2 bats
  4 frilled lizards
  5 rats
61 creatures vanquished.

Notes
Turn   | Place    | Note
-------+----------+-------------------------------------------
     0 | D:1      | Kazon the Demigod Fighter began the quest for the Orb.
     0 | D:1      | Reached XP level 1. HP: 18/18 MP: 3/3
    49 | D:1      | Identified a scroll of acquirement
    49 | D:1      | Acquired a manual of Throwing
   327 | D:1      | Reached XP level 2. HP: 25/25 MP: 4/4
   752 | D:3      | Found Umat's Antique Weapon Boutique.
   984 | D:2      | Reached XP level 3. HP: 31/31 MP: 5/5
  1226 | D:2      | Reached skill level 1 in Throwing
  1249 | D:2      | Reached XP level 4. HP: 7/38 MP: 6/6
  1519 | D:3      | Bought a crude falchion for 184 gold pieces
  1519 | D:3      | Identified the +3 falchion of Winter {venom, rCorr} (You
                  | bought it in a shop on level 3 of the Dungeon)
  1953 | D:4      | Noticed an ogre
  1965 | D:4      | Noticed Natasha
  1972 | D:4      | Killed an ogre
  1973 | D:4      | Reached skill level 1 in Short Blades
  1973 | D:4      | Reached skill level 1 in Evocations
  1973 | D:4      | Reached XP level 5. HP: 6/45 MP: 7/7
  2018 | D:4      | Killed Natasha
  2035 | D:4      | HP: 1/45 [orc priest/divine providence (13)]
  2041 | D:4      | HP: 2/45 [something/puff of flame (2)]
  2042 | D:4      | Slain by an orc

Illustrated notes

Levels and vault maps discovered:
D:1:      dpeg_arrival_three_smaller_balls, layout_basic
D:2:      layout_loops_ring
D:3:      layout_basic, serial_shops, nicolae_shop_stone, st_stairs_7
D:4:      minmay_razor_zed, layout_basic, worldfamousw_hep_ancestral_shrine,
          uniq_eustachio, uniq_natasha

Skill      XL: |  1  2  3  4 |
---------------+-------------+-----
Fighting       | 3 |  3.6
Armour         | 3 |  3.4
Shields        | 3 |  3.1
Long Blades    | 2 3 |  3.2
Throwing       | 1 2 |  2.1
Short Blades   | 1 |  1.1
Evocations     | 1 |  1.3
Dodging        | |  0.4
Stealth        | |  0.1

Action                   |  1- 3 |  4- 6 || total
-------------------------+-------+-------++-------
Melee: Long sword        |    86 |       ||    86
       Dagger            |    20 |    12 ||    32
       Falchion          |       |    50 ||    50
Throw: Dart              |     4 |     7 ||    11
       Stone             |       |     1 ||     1
  Use: Scroll            |     1 |       ||     1
Armor: Scale mail        |    46 |    31 ||    77
Dodge: Dodged            |    66 |    25 ||    91
Block: Buckler           |    22 |    10 ||    32
